 Dungeon Crawl Stone Soup version 0.25.1-3-ge44b62a0b3 (webtiles) character file.

Game seed: 13954297918535652299

36 BledDest the Cudgeler (level 3, 0/29 HPs)
             Began as a Demonspawn Monk on Nov 21, 2020.
             Slain by an adder (3 damage)
             ... on level 2 of the Dungeon.
             The game lasted 00:02:08 (1522 turns).

BledDest the Cudgeler (Demonspawn Monk)             Turns: 1522, Time: 00:02:09

Health: 0/29       AC:  3    Str: 12    XL:     3   Next: 19%
Magic:  0/3        EV: 13    Int: 11    God:
Gold:   19         SH:  0    Dex: 15    Spells: 2/2 levels left

rFire    . . .     SeeInvis .   a - +0 mace
rCold    + . .     Gourm    .   (no shield)
rNeg     . . .     Faith    .   b - +0 robe
rPois    .         Spirit   +   (no helmet)
rElec    .         Reflect  .   (no cloak)
rCorr    .         Harm     .   k - +0 pair of gloves
MR       .....                  (no boots)
Stlth    +++.......             (no amulet)
HPRegen  0.09/turn              j - ring of flight
MPRegen  0.08/turn              (no ring)

@: lethally poisoned (0 -> -3), flying
A: blink, blurry vision 1, cold resistance 1, nightstalker 1, magic shield
a: Blink


You were on level 2 of the Dungeon.
You were very hungry.

You visited 1 branch of the dungeon, and saw 2 of its levels.

You collected 19 gold pieces.

Inventory:

Hand Weapons
 a - a +0 mace (weapon)
Missiles
 h - 7 boomerangs (quivered)
Armour
 b - a +0 robe (worn)
 k - a +0 pair of gloves (worn)
Jewellery
 j - a ring of flight (left hand)
Scrolls
 d - a scroll of enchant armour {unknown}
 e - a scroll of fog {unknown}
 f - a scroll of fear {unknown}
Comestibles
 c - 3 rations


   Skills:
 - Level 3.0 Fighting
 + Level 4.0 Maces & Flails
 - Level 2.6 Dodging
 - Level 1.7 Stealth


You had 2 spell levels left.
You didn't know any spells.
Your spell library was empty.

Dungeon Overview and Level Annotations

Branches:
Dungeon (2/15)

Altars:


Innate Abilities, Weirdness & Mutations

You are slightly more attuned to the shadows.
When hurt, damage is shared between your health and your magic reserves.
You can translocate small distances at will.
Scrolls take you a little longer to read.
Your flesh is cold resistant. (rC+)


Message History

You feel sick. The leopard gecko closely misses you. The adder misses you.
The frilled lizard bites you.
* * * LOW HITPOINT WARNING * * *
You closely miss the adder.
The adder is moderately wounded.
The adder closely misses you. The leopard gecko barely misses you.
The frilled lizard bites you.
* * * LOW HITPOINT WARNING * * *
The adder bites you.
* * * LOW HITPOINT WARNING * * *
The leopard gecko barely misses you. The frilled lizard bites you.
* * * LOW HITPOINT WARNING * * *
You are feeling very hungry.
You hit the adder.
The adder is heavily wounded.
You feel sick. The adder barely misses you.
The leopard gecko closely misses you. The frilled lizard bites you.
* * * LOW HITPOINT WARNING * * *
The adder bites you.
You die...

.. ##.### ##....g#.#
###.###....####..r#...K..
....................###..
...................## .
............[.....
...............
...............
.......lS......
......(l@......
#..(...........
###########.... .... ###


You could see an adder, a leopard gecko and a frilled lizard.

Vanquished Creatures
  2 oozes (D:1)
  A worm (D:1)
  A ball python (D:1)
  2 giant cockroaches
  3 goblins (D:1)
  A hobgoblin (D:1)
  2 kobolds (D:1)
  6 bats (D:1)
  3 frilled lizards (D:1)
  5 rats
26 creatures vanquished.

Vanquished Creatures (others)
  4 toadstools (D:1)
4 creatures vanquished.

Grand Total: 30 creatures vanquished

Notes
Turn   | Place    | Note
-------+----------+-------------------------------------------
     0 | D:1      | BledDest the Demonspawn Monk began the quest for the Orb.
     0 | D:1      | Reached XP level 1. HP: 18/18 MP: 1/1
   160 | D:1      | Reached skill level 3 in Maces & Flails
   281 | D:1      | Gained mutation: You are slightly more attuned to the
                  | shadows. [demonic ancestry]
   281 | D:1      | Reached XP level 2. HP: 24/24 MP: 2/2
   298 | D:1      | You fall into a shaft and drop 1 floor!
   777 | D:1      | Gained mutation: When hurt, damage is shared between your
                  | health and your magic reserves. [demonic ancestry]
   777 | D:1      | Reached XP level 3. HP: 27/29 MP: 3/3
  1221 | D:1      | Reached skill level 4 in Maces & Flails
  1518 | D:2      | Gained mutation: Your flesh is cold resistant. (rC+)
                  | [potion of mutation]
  1518 | D:2      | Gained mutation: Scrolls take you a little longer to read.
                  | [potion of mutation]
  1518 | D:2      | Gained mutation: You can translocate small distances at
                  | will. [potion of mutation]
  1522 | D:2      | Slain by an adder

Illustrated notes

Levels and vault maps discovered:
D:1:      ldierk_walled_garden_2, layout_loops_corners
D:2:      layout_rooms, lemuel_crystal_altar, first_ration, minmay_box_of_dots

Skill      XL: |  1  2  3 |
---------------+----------+-----
Maces & Flails | 3 4 |  4.0
Fighting       | |  3.0
Dodging        | |  2.6
Stealth        | |  1.7

Action                   || total
-------------------------++-------
Melee: Mace              ||    95
Throw: Boomerang         ||     1
  Use: Potion            ||     3
 Stab: Sleeping          ||    10
  Eat: Chunk             ||     1
Armor: Robe              ||    34
Dodge: Dodged            ||    94
